 Dungeon Crawl Stone Soup version 0.31-a0-142-g31f6795574 (webtiles) character file.

Game seed: 16390345727656514709

18750 porpoise the Severer (level 12, -1/100 HPs)
             Began as a Hill Orc Fighter on June 4, 2023.
             Was an Elder of Hepliaklqana.
             Slain by a black mamba (12 damage)
             ... on level 1 of the Lair of Beasts.
             The game lasted 00:41:47 (12063 turns).

porpoise the Severer (Hill Orc Fighter)            Turns: 12063, Time: 00:41:47

Health: -1/100     AC: 11    Str: 25    XL:     12   Next: 61%
Magic:  21/21      EV: 10    Int: 14    God:    Hepliaklqana [****..]
Gold:   815        SH: 11    Dex: 12    Spells: 11/11 levels left

rFire   + . .        a - +4 war axe
rCold   + . .        z - +1 buckler
rNeg    + . .        f - +0 chain mail
rPois   +            h - +1 hat
rElec   +            e - scarf of Terror {shadows, rPois}
rCorr   .            (no gloves)
SInv    .            (no boots)
Will    .....        s - amulet of reflection Stlth
                     c - ring of Spite {rElec rF+ rN+ Str+3 Int+6}
HPRegen 0.36/turn    I - ring of protection from cold
MPRegen 0.17/turn

%: reflection
@: no status effects
A: reduced essence
a: Renounce Religion, Recall Ancestor, Ancestor Identity, Transference, Idealise


You were on level 1 of the Lair of Beasts.
You worshipped Hepliaklqana.
Hepliaklqana was greatly pleased with you.
You visited 2 branches of the dungeon, and saw 11 of its levels.
You also visited: Ossuary and Bailey.

You collected 815 gold pieces.

Inventory:

Hand Weapons
 a - a +4 war axe (weapon)
 w - the +6 trident of the Pits of Slime {freeze, Will- Str+3 Dex+2 SInv}
   (You found it on level 6 of the Dungeon)

   Str:       It affects your strength (+3).
   Dex:       It affects your dexterity (+2).
   SInv:      It lets you see invisible.
   Will:      It decreases your willpower.
 Q - the +7 flail of Nuruoham {speed, +Blink rElec Int+2 Dex-4}
   (You took it off a spriggan in a bailey)

   Int:       It affects your intelligence (+2).
   Dex:       It affects your dexterity (-4).
   rElec:     It insulates you from electricity.
   +Blink:    It lets you blink.
 U - a +5 scimitar of electrocution
 X - a +0 morningstar of draining
Missiles
 p - 7 javelins
 y - 4 silver javelins
 B - 6 boomerangs (quivered)
Armour
 e - the scarf of Terror (worn) {shadows, rPois}
   (You acquired it on level 8 of the Dungeon)

   rPois:     It protects you from poison.
 f - a +0 chain mail (worn)
 h - a +1 hat (worn)
 z - a +1 buckler (worn)
Jewellery
 c - the ring of Spite (left hand) {rElec rF+ rN+ Str+3 Int+6}
   (You found it on level 6 of the Dungeon)

   [ring of intelligence]

   Str:       It affects your strength (+3).
   Int:       It affects your intelligence (+6).
   rF:        It protects you from fire.
   rElec:     It insulates you from electricity.
   rN:        It protects you from negative energy.
 g - a ring of magical power
 i - a ring of flight
 n - a +6 ring of strength
 r - a ring of ice
 s - an amulet of reflection (around neck)
 t - a ring of positive energy
 C - an amulet of faith
 I - a ring of protection from cold (right hand)
Wands
 k - a wand of light (4)
 l - a wand of polymorph (17)
 A - a wand of roots (4)
Scrolls
 b - 3 scrolls of enchant armour
 j - 3 scrolls of amnesia
 m - a scroll of silence
 o - a scroll of vulnerability
 x - 2 scrolls of teleportation
 F - a scroll of immolation
 O - a scroll of poison
 R - a scroll of magic mapping {unknown}
 T - a scroll of fear {unknown}
 W - 3 scrolls of enchant weapon
 Z - a scroll of blinking {unknown}
Potions
 d - 5 potions of might
 q - 2 potions of curing
 v - 2 potions of cancellation
 D - a potion of invisibility
 E - a potion of haste
 G - a potion of resistance {unknown}
 J - a potion of lignification {unknown}
 K - 2 potions of mutation
 L - 2 potions of enlightenment {unknown}
 M - 2 potions of ambrosia {unknown}
 N - a potion of brilliance {unknown}
 P - 2 potions of degeneration {unknown}
 S - a potion of magic {unknown}
 V - a potion of berserk rage
Miscellaneous
 Y - a tin of tremorstones (2/2)


   Skills:
 - Level 12.0 Fighting
 - Level 16.0 Axes
 + Level 7.4 Armour
 + Level 5.3 Dodging
 - Level 5.0 Shields
 - Level 12.0 Invocations
 + Level 1.8 Evocations


You had 11 spell levels left.
You didn't know any spells.
Your spell library contained the following spells:

 Spells                   Type           Power      Damage    Failure   Level
 Hailstorm                Conj/Ice       0%         3d3       99%         3
 Ice Form                 Ice/Tmut       0%         N/A       100%        4
 Simulacrum               Ice/Necr       0%         N/A       100%        6


Dungeon Overview and Level Annotations

Branches:
Dungeon (10/15)            Temple (0/1) D:6            Lair (1/5) D:10
    Orc (0/2) D:10        Ossuary (visited)          Bailey (visited)

Altars:
Cheibriados
Fedhas
Hepliaklqana
Kikubaaqudgha
Makhleb
Okawaru
Trog
Zin

Shops:
D:9 [

Annotations:
D:9 3 runed translucent doors, rinse's ghost, novice DsMo


Message History

You kill the bullfrog!
You start resting.
A black mamba is nearby!
You block the black mamba's attack. x2
You hit the black mamba.
The black mamba is lightly wounded.
The black mamba bites you!
* * * LOW HITPOINT WARNING * * *
You are poisoned.
The black mamba poisons you!
You closely miss the black mamba.
The black mamba is lightly wounded.
* * * LOW HITPOINT WARNING * * *
You feel very sick. You block the black mamba's attack.
You hit the black mamba but do no damage.
The black mamba is lightly wounded.
* * * LOW HITPOINT WARNING * * *
You feel sick. You block the black mamba's attack.
You feel better. The black mamba bites you!
* * * LOW HITPOINT WARNING * * *
The black mamba bites you but does no damage.
You feel better. You block the black mamba's attack. x2
You miss the black mamba.
The black mamba is lightly wounded.
The black mamba bites you but does no damage.
You barely miss the black mamba.
The black mamba is lightly wounded.
You block the black mamba's attack. The black mamba bites you.
* * * LOW HITPOINT WARNING * * *
You hit the black mamba.
The black mamba is lightly wounded.
You block the black mamba's attack.
You hit the black mamba.
The black mamba is lightly wounded.
The black mamba closely misses you.
You slash the black mamba!
The black mamba is heavily wounded.
The black mamba bites you!
You die...

.§..# ###F..§#
#..†...# ##.#§...#
#..#.F..# ##.#....#
#.#....# #S##.....
#@###.[.F #...###
##....### .P##.....###
...##.......#### ##
..............#P#...#
.....................
......................
......................


You could see a black mamba.

Vanquished Creatures
  A catoblepas (Lair:1)
  A two-headed ogre (D:8)
  A wizard (D:8)
  A cane toad (Lair:1)
  A freezing wraith (D:10)
  2 komodo dragons (Lair:1)
  A polar bear (Lair:1)
  3 blink frogs (Lair:1)
  5 spriggans (Bailey)
  2 wyverns
  4 shadows
  9 yaks
  A basilisk (Lair:1)
  A steam dragon (D:9)
  A two-headed ogre zombie (D:10)
  5 water moccasins
  2 orc warriors
  A sky beast (D:6)
  A black bear (Lair:1)
  7 ogres
  4 wolves
  5 centaurs
  2 kobold brigands
  3 gnoll sergeants
  2 scorpions
  3 bullfrogs
  4 wights
  A water moccasin zombie (Ossuary)
  A troll zombie (D:10)
  9 killer bees
  5 howler monkeys
  3 hounds
  5 jellies
  4 orc priests
  A gnoll bouda (D:8)
  7 iguanas
  9 orc wizards
  3 sleepcaps
  4 ogre zombies (D:10)
  A mummy (Ossuary)
  16 gnolls
  6 adders
  4 shadow imps
  3 white imps
  5 ufetubi
  4 adder zombies (Ossuary)
  4 worms
  3 dart slugs
  34 orcs
  4 endoplasms
  4 giant cockroaches
  7 goblins
  A hobgoblin (D:3)
  7 quokkas
  5 ball pythons
  8 bats
  3 frilled lizards
  5 gnoll zombies (Ossuary)
  3 goblin skeletons (D:10)
  6 goblin zombies
  A hobgoblin skeleton (D:10)
  5 hobgoblin zombies
  A kobold (D:1)
  4 kobold zombies (Ossuary)
  3 orc skeletons (D:10)
  11 orc zombies
  A quokka zombie (D:8)
  11 rats
  A butterfly (Lair:1)
296 creatures vanquished.

Vanquished Creatures (collateral kills)
  3 two-headed ogres
  2 cane toads (Lair:1)
  A komodo dragon (D:10)
  A troll (D:10)
  2 spriggans (Bailey)
  3 shadows (D:10)
  3 wraiths
  A vampire (D:10)
  A basilisk (Lair:1)
  A yak (D:10)
  2 steam dragons
  2 water moccasins
  2 orc warriors
  2 ice beasts
  4 ogres (Bailey)
  3 bullfrogs
  A scorpion (D:5)
  A water moccasin zombie (Ossuary)
  5 wights
  5 killer bees
  A troll zombie (D:10)
  A howler monkey (D:10)
  6 hounds
  2 orc priests
  A jelly (D:8)
  4 orc wizards
  An ogre zombie (D:10)
  A mummy (Ossuary)
  2 gnolls (D:8)
  An adder (D:6)
  2 shadow imps
  An adder zombie (Ossuary)
  13 orcs
  A gnoll zombie (Ossuary)
  2 goblin zombies (D:10)
  A hobgoblin zombie (Ossuary)
  2 kobold zombies (Ossuary)
  2 orc skeletons (D:10)
  An orc zombie (Ossuary)
  A butterfly (Lair:1)
91 creatures vanquished.

Vanquished Creatures (others)
  2 battlemagi
  2 ancestors (D:6)
4 creatures vanquished.

Grand Total: 391 creatures vanquished

Notes
Turn   | Place    | Note
-------+----------+-------------------------------------------
     0 | D:1      | porpoise the Hill Orc Fighter began the quest for the Orb.
     0 | D:1      | Reached XP level 1. HP: 19/19 MP: 1/1
    68 | D:1      | Reached skill level 3 in Axes
   329 | D:1      | Reached XP level 2. HP: 27/27 MP: 2/2
   912 | D:2      | Reached skill level 4 in Axes
   912 | D:2      | Reached XP level 3. HP: 12/33 MP: 3/3
   923 | D:2      | Reached XP level 4. HP: 16/41 MP: 4/4
  1189 | D:2      | Reached skill level 5 in Axes
  1844 | D:2      | Reached XP level 5. HP: 47/47 MP: 5/5
  1876 | D:3      | Reached skill level 5 in Fighting
  1976 | D:3      | Reached skill level 6 in Axes
  2018 | D:3      | Found a hazy altar of Hepliaklqana.
  2059 | D:3      | Became a worshipper of Hepliaklqana the Forgotten
  2295 | D:3      | Reached skill level 1 in Invocations
  2824 | D:4      | Reached XP level 6. HP: 45/56 MP: 5/7
  3146 | D:4      | Reached skill level 7 in Axes
  3337 | D:4      | Found a bloodstained altar of Trog.
  3688 | D:4      | Found a burning altar of Makhleb.
  3767 | D:5      | Entered Level 5 of the Dungeon
  3789 | D:5      | Found an ancient bone altar of Kikubaaqudgha.
  3856 | D:5      | Reached * piety under Hepliaklqana
  3860 | D:5      | Reached XP level 7. HP: 46/55 MP: 9/9
  3982 | D:5      | Reached skill level 8 in Axes
  4238 | D:5      | Reached skill level 9 in Axes
  4238 | D:5      | Reached XP level 8. HP: 36/63 MP: 11/11
  4762 | D:6      | Reached skill level 5 in Invocations
  4762 | D:6      | Identified the ring of Spite {rElec rF+ rN+ Str+3 Int+6}
  4771 | D:6      | Found a staircase to the Ecumenical Temple.
  4789 | D:6      | Found an iron altar of Okawaru.
  4897 | D:6      | Reached skill level 10 in Axes
  4949 | D:6      | Noticed a wyvern
  4964 | D:6      | Killed a wyvern
  4971 | D:6      | Reached XP level 9. HP: 42/72 MP: 13/13
  4988 | D:6      | Reached skill level 11 in Axes
  5366 | D:6      | Identified the +6 trident of the Pits of Slime {freeze,
                  | Will- Str+3 Dex+2 SInv}
  5536 | D:6      | Reached ** piety under Hepliaklqana
  5537 | D:6      | Remembered your ancestor Kivi as a battlemage
  5557 | D:6      | Found a glowing silver altar of Zin.
  5804 | D:7      | Reached skill level 12 in Axes
  5979 | D:7      | Reached skill level 13 in Axes
  6327 | D:7      | Found a blossoming altar of Fedhas.
  6533 | D:8      | Reached skill level 5 in Shields
  6533 | D:8      | Reached XP level 10. HP: 77/81 MP: 15/15
  6665 | D:8      | Identified a scroll of acquirement
  6665 | D:8      | Acquired the scarf of Terror {shadows, rPois}
  6945 | D:8      | Found a sand-covered staircase.
  6952 | Ossuary  | Entered an ossuary
  7265 | D:8      | Reached *** piety under Hepliaklqana
  7337 | D:8      | Reached skill level 14 in Axes
  7453 | D:8      | Noticed a two-headed ogre
  7455 | D:8      | Noticed a wizard
  7464 | D:8      | Killed a two-headed ogre
  7465 | D:8      | Reached skill level 5 in Armour
  7465 | D:8      | Reached skill level 1 in Dodging
  7468 | D:8      | Killed a wizard
  7985 | D:9      | Found a snail-covered altar of Cheibriados.
  8001 | D:9      | Found Cheibriados's Comfort Zone.
  8187 | D:9      | Reached XP level 11. HP: 75/87 MP: 17/17
  8231 | D:9      | Found a flagged portal.
  8242 | Bailey   | Entered a bailey
  8481 | Bailey   | Noticed a two-headed ogre
  8487 | Bailey   | Killed a two-headed ogre
  8595 | Bailey   | Identified the +7 flail of Nuruoham {speed, +Blink rElec
                  | Int+2 Dex-4}
  8623 | Bailey   | Reached skill level 10 in Invocations
  8809 | D:9      | Reached skill level 5 in Dodging
  8844 | D:9      | Found a runed translucent gate.
  8844 | D:9      | Found a runed translucent gate.
  8845 | D:9      | Found a runed translucent gate.
  8869 | D:9      | Noticed a two-headed ogre
  8877 | D:9      | Killed a two-headed ogre
  9425 | D:9      | Noticed rinse's ghost (novice DsMo)
  9455 | D:10     | Entered Level 10 of the Dungeon
 10105 | D:10     | Found a staircase to the Lair.
 10126 | D:10     | Reached skill level 15 in Axes
 10327 | D:10     | Found a staircase to the Orcish Mines.
 10373 | D:10     | Reached **** piety under Hepliaklqana
 10646 | D:10     | Reached skill level 10 in Fighting
 10646 | D:10     | Reached XP level 12. HP: 40/95 MP: 20/20
 10957 | D:10     | Noticed a two-headed ogre
 10963 | D:10     | Killed a two-headed ogre
 11314 | D:10     | Reached skill level 16 in Axes
 11531 | Lair:1   | Entered Level 1 of the Lair of Beasts
 11998 | Lair:1   | Noticed a catoblepas
 12018 | Lair:1   | Reached skill level 1 in Evocations
 12039 | Lair:1   | Killed a catoblepas
 12057 | Lair:1   | HP: 5/100 [black mamba (11)]
 12063 | Lair:1   | Slain by a black mamba

Illustrated notes

Levels and vault maps discovered:
D:1:      dreamdust_arrival_beginning_and_end, layout_loops_ring
D:2:      layout_loops_ring, minmay_pentomino_p2
D:3:      layout_loops_ring, mainiacjoe_overflow_catwalk, serial_bayou,
          serial_bayou_crossing, serial_bayou_pond_a, serial_bayou_pond_d,
          serial_bayou_lagoon_b
D:4:      layout_cave_pools, mainiacjoe_overflow_small_starburst,
          makhleb_blood_cavern_becter, serial_demonic, serial_demonic_d,
          serial_demonic_a, serial_demonic_e, serial_demonic_b
D:5:      layout_rooms, kiku_gazebo_garden_becter
D:6:      minmay_bubble_buster, layout_cave_pools, okawaru_metal_pillars_3,
          kennysheep_mini, minmay_temple_entry_drinking_statues
D:7:      layout_cave_pools, fedhas_ov_isle_minmay
D:8:      nzn_winding_woodlands_small [nzn_winding_woodlands_5x15_garden,
          nzn_winding_woodlands_center_triple_pond,
          nzn_winding_woodlands_5x15_pool], layout_basic, enter_ossuary_4
D:9:      layout_roguey, enter_bailey_6, gammafunk_ghost_necromancy,
          minmay_shop_chei
D:10:     layout_irregular_city, erik_lair_island, zombieorc2_lemuel,
          minmay_joined_circles
Lair:1:   dreamdust_cave_troll, layout_hall_layers, nicolae_lair_lil_pond,
          eino_small_chamber_without_monster, nzn_random_ring,
          lemuel_fruit_fields

Skill      XL: |  1  2  3  4  5  6  7  8  9 10 11 12 |
---------------+-------------------------------------+-----
Axes           | 3 4 5 6 7 9 10 13 14 15 16 | 16.0
Fighting       | 4 5 6 7 9 10 12 | 12.0
Invocations    | 1 2 4 6 7 9 11 12 | 12.0
Shields        | 5 |  5.0
Armour         | 6 7 |  7.4
Dodging        | 3 5 |  5.3
Evocations     | 1 |  1.8

Action                     |  1- 3 |  4- 6 |  7- 9 | 10-12 || total
---------------------------+-------+-------+-------+-------++-------
  Melee: War axe           |    79 |   233 |   198 |   461 ||   971
         Trident           |       |       |     9 |       ||     9
  Throw: Dart              |       |     3 |    11 |       ||    14
         Javelin           |       |       |     1 |       ||     1
         Boomerang         |       |       |     1 |       ||     1
 Invoke: Ancestor Identity |       |       |     1 |       ||     1
         Ancestor Life: Ba |       |       |     1 |       ||     1
         Recall Ancestor   |       |       |       |     1 ||     1
         Idealise          |       |       |       |     1 ||     1
    Use: Scroll            |     2 |     2 |     5 |    11 ||    20
         Potion            |       |       |     4 |     4 ||     8
   Stab: Distracted        |       |       |     2 |    10 ||    12
         Petrified         |       |       |       |     7 ||     7
 Armour: Chain mail        |    34 |   123 |    74 |   143 ||   374
         Scale mail        |     6 |       |       |       ||     6
  Dodge: Dodged            |    31 |    56 |    54 |   111 ||   252
  Block: Buckler           |    20 |    64 |   101 |   196 ||   381
         Reflection        |       |     2 |     3 |     4 ||     9

Table legend: (Time is in decaauts)
 A = Elapsed time spent in this place.
 B = Non-inter-level travel time spent in this place.
 C = Inter-level travel time spent in this place.
 D = Time resting spent in this place.
 E = Time spent auto-exploring this place.
 F = Levels seen in this place.
 G = Mean time per level.
                   A        B        C        D        E       F      G
               +--------+--------+--------+--------+--------+-----+--------+
         Total |  12098 |  11782 |    316 |   3600 |   5863 |  13 |  930.6 |
       Dungeon |  10924 |  10609 |    315 |   3298 |   5402 |  10 | 1092.4 |
          Lair |    517 |    517 |      0 |      9 |    368 |   1 |  517.0 |
       Ossuary |    143 |    143 |      0 |      0 |      0 |   1 |  143.0 |
        Bailey |    513 |    513 |      0 |    293 |     92 |   1 |  513.0 |
               +--------+--------+--------+--------+--------+-----+--------+

Top non-repeatable levels by time:
    D:10: 1756 daAuts
     D:9: 1356 daAuts
     D:8: 1192 daAuts
     D:6: 1062 daAuts
     D:2: 1060 daAuts
     D:4: 1010 daAuts
     D:5: 973 daAuts
     D:3: 942 daAuts
     D:1: 851 daAuts
     D:7: 717 daAuts
  Lair:1: 517 daAuts
  Bailey: 513 daAuts
 Ossuary: 143 daAuts
